Map: [ESL] Alcyone

Players

MaSa - Winner!

  • Race: Terran Terran
  • Spawn Location: 7:00

FoxeR

  • Race: Terran Terran
  • Spawn Location: 1:00

Event: ESL SC2 Masters 2023 Winter (Regional)

VOD

Have the link to the VOD?

Description

Time

  • Played on: Oct. 29, 2023, 1:02 p.m.
  • Length: 16:27

All games in this series

Show
View Real Time Build Order
Export as new Build Order

MaSa Terran - Winner!

Build Orders:  

Get SALT Encoding   

  12  0:00  SCV  
  13  0:12  SCV  
  14  0:17  Supply Depot  
  14  0:24  SCV  
  15  0:38  SCV  
  15  0:40  Barracks  
  16  0:44  Refinery  
  16  0:50  SCV  
  17  0:59  Barracks  
  17  1:03  SCV  
  18  1:12  Refinery  
  18  1:15  SCV  
  19  1:27  Reaper  
  19  1:31  Orbital Command  
  20  1:39  Supply Depot  
  20  1:50  Reaper  
  21  1:57  SCV  
  21  1:59  Reaper  
  23  2:09  SCV  
  23  2:11  Factory  
  24  2:21  SCV  
  24  2:22  Reaper  
  26  2:34  SCV  
  27  2:37  Reaper  
  28  2:48  Command Center  
  28  2:57  SCV  
  29  2:58  Reaper  
  29  2:59  Hellion  
  29  3:04  Supply Depot  
  30  3:18  SCV  
  31  3:21  Factory Tech Lab  
  31  3:22  Starport  
  30  3:41  SCV  
  30  3:47  Siege Tank  
  33  3:49  Barracks Reactor  
  33  3:54  SCV  
  34  3:58  Medivac  
  34  4:00  Orbital Command  
  36  4:06  SCV  
  37  4:18  SCV  
  37  4:19  Siege Tank  
  41  4:27  SCV  
  41  4:28  Refinery  
  42  4:35  SCV  
  42  4:37  Viking  
  43  4:40  Marine x2  
  43  4:43  SCV  
  46  4:47  SCV  
  46  4:51  Refinery  
  46  4:57  SCV  
  47  5:04  SCV  
  47  5:06  Marine x2  
  49  5:09  Siege Tank  
  49  5:10  Command Center, SCV  
  52  5:20  SCV  
  53  5:22  Starport Tech Lab  
  53  5:23  SCV  
  53  5:27  Marine x2  
  54  5:33  Supply Depot  
  54  5:35  Barracks Tech Lab  
  54  5:36  SCV  
  54  5:39  SCV  
  54  5:42  Raven  
  58  5:45  Marine x2  
  58  5:48  SCV  
  61  5:50  Interference Matrix  
  61  5:51  SCV  
  61  5:55  Siege Tank  
  65  6:01  SCV  
  65  6:02  Barracks x2  
  65  6:14  SCV  
  65  6:17  Raven  
  65  6:18  Stimpack, Marine  
  62  6:21  SCV  
  62  6:25  Engineering Bay x2  
  65  6:29  Orbital Command  
  65  6:30  SCV  
  64  6:33  SCV  
  65  6:42  SCV  
  65  6:43  Marine  
  65  6:45  Barracks, Siege Tank, SCV  
  73  6:52  Barracks Reactor  
  73  6:53  Barracks Reactor  
  73  6:54  SCV  
  73  6:56  SCV  
  73  6:57  SCV  
  74  7:02  Barracks Reactor  
  74  7:03  Marine  
  74  7:06  SCV  
  74  7:07  Terran Infantry Weapons Level 1  
  74  7:08  Orbital Command  
  76  7:09  SCV  
  77  7:18  SCV  
  77  7:20  Medivac  
  77  7:21  Marine  
  81  7:28  Siege Tank  
  84  7:31  SCV  
  85  7:45  Supply Depot  
  85  7:46  Supply Depot x2  
  85  7:47  Barracks Reactor  
  85  7:49  SCV x3, Marine x5  
  93  7:52  Refinery  
  93  7:54  Terran Infantry Armor Level 1, Refinery  
  93  8:00  Combat Shield  
  93  8:03  Command Center  
  93  8:06  Marine x2  
  93  8:07  Siege Tank, Marine x4, SCV x3  
  93  8:08  Marine  
  106  8:13  Medivac  
  106  8:16  Medivac  
  110  8:22  SCV  
  110  8:24  Marine x2  
  110  8:25  Marine  
  111  8:31  Marine x4  
  111  8:32  Marine x2  
  117  8:38  SCV x2, Supply Depot  
  117  8:41  Armory  
  119  8:42  Marine x2  
  119  8:43  Medivac, Marine  
  119  8:45  Supply Depot  
  124  8:49  Marine  
  125  8:59  Siege Tank, SCV x2, Marine x3  
  125  9:00  Factory  
  133  9:06  Medivac, Marine x4  
  133  9:07  SCV  
  140  9:10  Marine  
  140  9:14  Marine  
  142  9:17  Marine  
  142  9:22  Marine x2  
  145  9:24  Marine x3  
  145  9:31  Terran Infantry Weapons Level 2  
  148  9:32  Terran Vehicle Weapons Level 1, Siege Tank  
  148  9:37  Marine x4  
  153  9:39  Marine x2  
  155  9:46  Marine  
  156  9:53  Marine x2  
  156  10:03  Marine  
  156  10:04  Marine x3  
  156  10:05  Marine  
  156  10:07  Marine x2  
  156  10:10  Marine x2  
  156  10:12  Supply Depot x3  
  156  10:14  Supply Depot  
  156  10:28  Terran Infantry Armor Level 2  
  156  10:29  Planetary Fortress  
  156  10:33  Siege Tank, SCV x2, Marine x7  
  156  10:34  Siege Tank, Marine x2, SCV  
  174  10:51  Marine x4  
  178  10:58  Marine x2  
  178  10:59  Marine x3  
  182  11:05  Siege Tank  
  182  11:11  Marine x4  
  171  11:16  Marine x3  
  171  11:17  Marine x2  
  153  11:28  Marine  
  153  11:29  Marine x3  
  153  11:30  Terran Vehicle Weapons Level 2  
  150  11:33  Command Center  
  150  11:34  Marine x5  
  150  11:37  Siege Tank  
  149  11:40  Medivac x2  
  149  11:45  Siege Tank  
  149  11:46  Marine x2  
  149  11:47  Marine, Refinery  
  148  11:48  Missile Turret  
  148  11:50  Marine  
  148  11:52  Marine x3  
  136  12:10  Marine  
  136  12:11  Marine x8  
  132  12:18  Medivac  
  132  12:20  Medivac  
  135  12:28  Marine x2  
  135  12:29  Marine x7  
  132  12:32  Siege Tank  
  116  12:42  Siege Tank  
  119  12:46  Marine x6  
  119  12:47  Terran Infantry Weapons Level 3, Marine x3  
  119  12:48  Medivac  
  120  12:58  Terran Infantry Armor Level 3  
  120  13:04  Siege Tank, Marine x9  
  127  13:07  Medivac  
  127  13:11  Planetary Fortress  
  129  13:13  SCV  
  129  13:14  Siege Tank, SCV  
  129  13:18  Medivac  
  135  13:22  Marine x3  
  138  13:36  Siege Tank  
  138  13:37  Marine  
  138  13:38  Marine x4  
  138  13:39  Sensor Tower  
  138  13:40  SCV x2  
  147  13:43  Marine x2  
  147  13:46  Siege Tank  
  151  13:58  Marine x4  
  151  14:00  Marine  
  151  14:01  Marine x2  
  158  14:04  SCV  
  158  14:08  Siege Tank  
  161  14:18  Siege Tank  
  164  14:27  Marine x4  
  164  14:28  Marine x4  
  169  14:32  Marine  
  169  14:34  Medivac x2  
  166  14:40  Siege Tank  
  166  14:45  Marine x6  
  171  14:46  Marine x2  
  171  14:50  Siege Tank, Marine  
  181  15:03  Marine x4  
  181  15:04  Medivac  
  187  15:08  Marine x5  
  187  15:10  Viking  
  187  15:13  Siege Tank  
  197  15:20  Marine  
  197  15:21  Marine x3  
  192  15:22  Siege Tank  
  192  15:26  Marine x5  
  170  15:38  Marine x3  
  170  15:39  Medivac, Marine  
  170  15:40  Medivac  
  176  15:43  Marine  
  176  15:44  Marine x4  
  176  15:45  Siege Tank  
  176  15:47  Command Center  
  184  15:54  Siege Tank  
  184  15:56  Marine x4  
  191  16:01  Marine x3  
  191  16:02  Marine x2  
Show
View Real Time Build Order
Export as new Build Order

FoxeR Terran 

Build Orders: Cyclone Opening 

Get SALT Encoding   

  12  0:00  SCV  
  13  0:12  SCV  
  14  0:16  Supply Depot  
  14  0:24  SCV  
  15  0:38  SCV  
  15  0:39  Barracks  
  16  0:43  Refinery  
  16  0:50  SCV  
  16  0:52  Refinery  
  17  1:02  SCV  
  18  1:14  SCV  
  19  1:26  Orbital Command, Reaper  
  19  1:28  Supply Depot  
  20  1:40  Factory  
  20  1:52  SCV  
  21  1:58  Reaper  
  22  2:04  SCV  
  23  2:16  SCV  
  23  2:19  Command Center  
  24  2:26  Hellion  
  24  2:28  SCV  
  27  2:32  Reaper  
  27  2:40  SCV, Supply Depot  
  28  2:47  Cyclone  
  30  2:56  SCV  
  29  3:06  Reaper, Starport  
  30  3:20  SCV  
  30  3:22  Hellion  
  32  3:35  SCV  
  32  3:40  Command Center  
  33  3:45  Barracks Reactor  
  33  3:46  Factory Tech Lab, Medivac  
  34  3:49  Cyclone  
  34  3:50  SCV  
  34  3:54  Supply Depot  
  37  4:03  SCV  
  38  4:15  SCV  
  39  4:18  Starport Tech Lab  
  39  4:24  Factory Tech Lab, Marine x2, Refinery  
  39  4:26  Orbital Command  
  39  4:27  SCV  
  39  4:39  SCV  
  39  4:40  Raven  
  42  4:47  Marine  
  42  4:51  SCV  
  47  4:52  Siege Tank  
  47  5:03  Marine  
  47  5:05  SCV  
  47  5:06  Orbital Command, SCV  
  47  5:11  Barracks  
  47  5:14  Barracks  
  47  5:17  SCV  
  47  5:20  Marine  
  47  5:21  Raven, Marine  
  47  5:27  SCV  
  49  5:30  SCV  
  49  5:32  Interference Matrix  
  49  5:33  SCV  
  51  5:38  Marine  
  51  5:39  SCV  
  51  5:41  Refinery  
  51  5:42  Siege Tank  
  56  5:46  SCV  
  56  5:48  SCV, Marine  
  59  5:52  SCV  
  59  5:56  Marine, Supply Depot  
  61  5:58  SCV  
  61  5:59  Raven  
  61  6:00  Marine  
  61  6:04  Marine  
  64  6:06  Marine  
  58  6:13  SCV x2  
  58  6:14  Marine  
  58  6:16  Siege Tank  
  58  6:18  Marine  
  63  6:21  Supply Depot, SCV  
  65  6:27  Marine  
  65  6:30  SCV x2  
  65  6:32  Marine  
  67  6:33  SCV  
  67  6:36  Barracks Reactor  
  68  6:42  SCV x2  
  68  6:45  SCV, Marine  
  72  6:48  Starport Reactor  
  72  6:50  Siege Tank  
  72  6:51  Barracks  
  75  6:54  SCV  
  75  6:56  Stimpack  
  75  6:59  Marine  
  77  7:01  Marine  
  77  7:04  Orbital Command  
  77  7:07  Barracks, SCV  
  79  7:10  SCV  
  80  7:15  Engineering Bay  
  80  7:19  SCV, Engineering Bay  
  80  7:22  Marine  
  82  7:26  Marine x4  
  84  7:30  SCV x2  
  84  7:31  SCV  
  82  7:39  Marine  
  82  7:44  Marine x4  
  82  7:45  Marine  
  82  7:47  SCV x3  
  90  7:56  Terran Infantry Weapons Level 1, Terran Infantry Armor Level 1  
  90  7:57  Marine  
  92  7:59  SCV  
  92  8:03  Supply Depot  
  92  8:05  Supply Depot  
  93  8:07  Supply Depot  
  93  8:08  Barracks Reactor  
  93  8:09  Barracks Reactor, SCV, Supply Depot  
  93  8:20  Medivac x2, Marine x4  
  93  8:22  Armory  
  93  8:25  Siege Tank, SCV x3, Marine  
  108  8:35  Combat Shield  
  108  8:37  SCV x2  
  108  8:38  SCV, Marine x4  
  115  8:43  Marine  
  115  8:47  Sensor Tower  
  115  8:48  Marine x3, Refinery  
  119  8:49  SCV x2, Refinery  
  119  8:50  Marine  
  119  8:54  Medivac  
  123  8:56  Marine x4  
  123  8:58  SCV  
  123  9:00  Marine  
  129  9:03  SCV x2  
  129  9:05  Marine x2  
  129  9:07  Marine  
  129  9:09  Marine  
  133  9:15  Supply Depot  
  133  9:16  SCV x2, Marine x4  
  139  9:18  Marine, Supply Depot  
  139  9:23  Marine  
  141  9:31  Marine  
  141  9:35  SCV  
  141  9:36  Siege Tank, SCV, Marine x4  
  149  9:39  Marine x3  
  149  9:44  Marine  
  153  9:49  Factory, Marine  
  146  9:54  Marine, SCV  
  124  10:01  Marine x2  
  124  10:02  Marine  
  124  10:05  Marine  
  123  10:08  SCV  
  123  10:10  SCV x2  
  123  10:12  Marine x2  
  123  10:13  Siege Tank, Marine  
  132  10:15  Refinery  
  132  10:16  Marine, Refinery  
  132  10:21  SCV  
  134  10:22  SCV x2, Marine  
  137  10:30  Command Center, Medivac  
  137  10:33  SCV  
  139  10:36  Barracks Reactor  
  141  10:44  Terran Infantry Weapons Level 2  
  141  10:45  Siege Tank  
  141  10:46  Terran Infantry Armor Level 2  
  141  10:48  Medivac  
  141  10:49  Marine x2  
  146  10:51  SCV  
  147  10:59  Marine  
  127  11:13  Marine  
  127  11:16  Marine  
  127  11:17  Siege Tank  
  115  11:19  Marine x7  
  111  11:31  Marine  
  99  11:34  Marine  
  99  11:37  Marine x7  
  99  11:38  SCV  
  96  11:48  Marine  
  96  11:52  Marine  
  98  11:55  Marine x7  
  102  12:06  Marine  
  98  12:10  Marine  
  98  12:13  Marine x7  
  101  12:24  Marine  
  101  12:28  Marine  
  82  12:30  Marine  
  82  12:31  Marine x6  
  85  12:42  Marine  
  85  12:43  SCV  
  85  12:44  SCV  
  88  12:45  Orbital Command, Marine  
  88  12:48  Marine x3  
  88  12:49  Marine  
  88  12:50  Marine  
  94  12:56  Marine  
  94  12:57  Marine  
  82  13:00  Marine  
  82  13:04  Marine  
  82  13:06  Marine  
  82  13:07  Marine  
  82  13:08  SCV  
  82  13:12  Marine  
  86  13:13  Marine  
  86  13:17  Marine  
  86  13:18  Marine  
  89  13:26  Siege Tank  
  92  13:33  Marine  
  92  13:34  SCV, Marine  
  94  13:35  SCV  
  96  13:46  Marine x4  
  100  13:48  SCV  
  100  13:50  SCV  
  100  13:55  Marine  
  102  13:56  Marine  
  102  13:58  Siege Tank  
  107  14:03  Marine x2  
  107  14:04  SCV  
  110  14:10  Marine x2  
  110  14:12  Marine  
  110  14:14  Marine x3  
  111  14:25  Marine x3  
  111  14:28  Marine x2  
  111  14:30  Siege Tank  
  119  14:31  Marine  
  119  14:33  Marine  
  119  14:34  Marine x2  
  118  14:43  Marine x3  
  112  14:46  Marine x2  
  112  14:48  SCV  
  112  14:49  Marine  
  112  14:51  Marine x2  
  112  14:52  Marine  
  118  15:01  SCV x2, Marine x3  
  118  15:04  Marine  
  124  15:07  Marine  
  124  15:08  SCV  
  126  15:16  Medivac x2  
  120  15:23  Marine  
  120  15:24  Marine  
  120  15:27  Marine x6  
  77  15:28  Marine  
  72  15:40  Marine  
  72  15:42  Marine  
  65  15:44  Marine  
  65  15:45  Marine x4  
  65  15:47  Marine  
  71  15:52  Siege Tank  
  62  16:00  Marine  
Tags
 
Add a new tag
Caveats
  • Supply blocks, unpowered buildings, or Contaminate may cause inaccurate times.
  • Supply counts are checked every 10 seconds.